 Dungeon Crawl Stone Soup version 0.24.0-123-gd5b16e6ec5 (webtiles) character file.

Game seed: 16133314718938309083, levelgen mode: deterministic

71 Bergy the Ruffian (level 4, -5/38 HPs)
             Began as a Ghoul Monk on Dec 29, 2019.
             Slain by Sigmund
             ... wielding a +0 scythe
              (12 damage)
             ... on level 3 of the Dungeon.
             The game lasted 00:05:38 (1980 turns).

Bergy the Ruffian (Ghoul Monk)                      Turns: 1980, Time: 00:05:38

Health: -5/38      AC:  2    Str: 14    XL:     4   Next: 24%
Magic:  3/3        EV: 13    Int:  5    God:
Gold:   129        SH:  0    Dex: 12    Spells: 3/3 levels left

rFire    . . .     SeeInvis .     - Unarmed
rCold    + . .     Gourm    .   (no shield)
rNeg     + + +     Faith    .   a - +0 robe
rPois    ∞         Spirit   .   (no helmet)
rElec    .         Reflect  .   (no cloak)
rCorr    .         Harm     .   (no gloves)
MR       .....                  (no boots)
Stlth    ++........             (no amulet)
HPRegen  0.00/turn              (no ring)
MPRegen  0.08/turn              (no ring)

@: rotting
A: rotting body, claws 1, carnivore, cold resistance 1, negative energy
resistance 3, inhibited regeneration, torment resistance, unbreathing
a: no special abilities


You were on level 3 of the Dungeon.
You were not hungry.

You visited 1 branch of the dungeon, and saw 3 of its levels.

You collected 129 gold pieces.

Inventory:

Armour
 a - a +0 robe (worn)
Jewellery
 i - an uncursed ring of protection from magic {unknown}
 k - an uncursed ring of stealth {unknown}
Scrolls
 c - 2 scrolls of enchant armour {unknown}
 d - 2 scrolls of teleportation {unknown}
 h - a scroll of amnesia {unknown}
 j - a scroll of identify {unknown}
 l - 4 scrolls of remove curse {unknown}
 n - a scroll of immolation {unknown}
Potions
 e - 3 potions of curing
 g - a potion of brilliance {unknown}
 m - a potion of agility {unknown}
Comestibles
 b - 7 rations
 f - 3 chunks of flesh


   Skills:
 - Level 3.2 Fighting
 - Level 2.6 Dodging
 - Level 2.1 Stealth
 * Level 5.4 Unarmed Combat


You had 3 spell levels left.
You didn't know any spells.
Your spell library was empty.

Dungeon Overview and Level Annotations

Branches:
Dungeon (3/15)

Altars:
Ashenzari
Gozag
Hepliaklqana
Kikubaaqudgha
The Shining One

Annotations:
D:3 Sigmund


Innate Abilities, Weirdness & Mutations

Your body is rotting away.
You thrive on raw meat.
You are immune to poison.
You have sharp fingernails.
You are carnivorous and can eat meat at any time.
Your flesh is cold resistant. (rC+)
You are immune to negative energy. (rN+++)
You do not regenerate when monsters are visible.
You are immune to unholy pain and torment.
You can survive without breathing.


Message History

You scratch Sigmund.
Sigmund is lightly wounded.
You claw Sigmund!
Sigmund is moderately wounded.
Sigmund misses you.
You scratch Sigmund.
Sigmund is heavily wounded.
You barely miss Sigmund.
Sigmund is heavily wounded.
Sigmund hits you with a +0 scythe.
* * * LOW HITPOINT WARNING * * *
You closely miss Sigmund.
Sigmund is heavily wounded.
Sigmund misses you.
You scratch Sigmund but do no damage.
Sigmund is heavily wounded.
You scratch Sigmund.
Sigmund is heavily wounded.
Sigmund hits you with a +0 scythe!
You die...

### #.. #..
#.# #.# #.#
#.#
#.#####.###.#
#....@@.....#
#######.#####
#...#
#....>#.#
#.#####<# #.#
#.# #.# #.#


You could see Sigmund.

Vanquished Creatures
  2 adders (D:2)
  2 worms (D:2)
  2 dart slugs
  A leopard gecko (D:1)
  6 bats
  A giant cockroach (D:1)
  5 goblins
  5 hobgoblins
  3 jackals (D:2)
  A quokka (D:2)
  A frilled lizard (D:1)
  6 kobolds
  7 rats
42 creatures vanquished.

Notes
Turn   | Place    | Note
-------+----------+-------------------------------------------
     0 | D:1      | Bergy the Ghoul Monk began the quest for the Orb.
     0 | D:1      | Reached XP level 1. HP: 19/19 MP: 0/0
   187 | D:1      | Reached XP level 2. HP: 25/26 MP: 1/1
   266 | D:1      | Reached skill level 4 in Unarmed Combat
  1005 | D:2      | Reached XP level 3. HP: 30/30 MP: 2/2
  1044 | D:2      | Found an ancient bone altar of Kikubaaqudgha.
  1059 | D:2      | Found an opulent altar of Gozag.
  1059 | D:2      | Found a glowing golden altar of the Shining One.
  1061 | D:2      | Found a hazy altar of Hepliaklqana.
  1062 | D:2      | Found a shattered altar of Ashenzari.
  1246 | D:2      | Reached skill level 5 in Unarmed Combat
  1366 | D:2      | Reached XP level 4. HP: 28/38 MP: 3/3
  1969 | D:3      | Noticed Sigmund
  1980 | D:3      | Slain by Sigmund

Levels and vault maps discovered:
D:1:      minmay_arrival_doors, layout_basic, serial_curves, eino_curves_03,
          eino_curves_01
D:2:      layout_loops_ring, minitemple, serial_bayou_crossing
D:3:      layout_loops_ring, gammafunk_temple_overflow_elements,
          nicolae_ru_great_annihilating_truth, uniq_sigmund

Skill      XL: |  1  2  3 |
---------------+----------+-----
Unarmed Combat | 4 5 |  5.4
Fighting       | |  3.2
Dodging        | |  2.6
Stealth        | |  2.1

Action                   |  1- 3 |  4- 6 || total
-------------------------+-------+-------++-------
Melee: Unarmed           |   101 |    23 ||   124
       Punch             |     3 |       ||     3
  Use: Potion            |       |     1 ||     1
 Stab: Sleeping          |     1 |     3 ||     4
  Eat: Chunk             |     4 |     2 ||     6
Armor: Robe              |    16 |     2 ||    18
Dodge: Dodged            |    56 |     4 ||    60
